 Dungeon Crawl Stone Soup version 0.31.0-4-g52a2dc7128 (webtiles) character file.

Game seed: 2879131573650531089

859 LobsterGuardian the Grave Robber (level 8, -5/53 HPs)
             Began as a Human Necromancer on Jan 21, 2024.
             Was a Follower of Vehumet.
             Slain by a gnoll
             ... wielding a +0 flail
             ... led by a gnoll bouda
              (10 damage)
             ... on level 6 of the Dungeon.
             The game lasted 00:15:11 (4557 turns).

LobsterGuardian the Grave Robber (HuNe)             Turns: 4557, Time: 00:15:11

Health: -5/53      AC:  4    Str:  9    XL:     8   Next: 2%
Magic:  3/15       EV: 12    Int: 18    God:    Vehumet [*.....]
Gold:   180        SH:  0    Dex: 13    Spells: 4/16 levels left

rFire   . . .        p - +0 falchion (holy)
rCold   . . .        (no shield)
rNeg    . . .        h - +0 troll leather armour
rPois   .            o - +0 helmet
rElec   .            i - scarf {+Inv}
rCorr   +            (no gloves)
SInv    .            (no boots)
Will    .....        k - amulet of Lady Luck {RegenMP rCorr}
Stlth   ++           m - ring of flight
HPRegen 1.08/turn    (no ring)
MPRegen 0.54/turn

%: no passive effects
@: weakened, animating dead, flying, hasted, very quick
A: explore regen, talons 1
a: Renounce Religion, Evoke Invisibility


You were on level 6 of the Dungeon.
You worshipped Vehumet.
Vehumet was aware of your devotion.
You visited 1 branch of the dungeon, and saw 6 of its levels.

You collected 180 gold pieces.

Inventory:

Hand Weapons
 c - a +0 short sword
 p - a +0 falchion of holy wrath (weapon)
Armour
 h - a +0 troll leather armour (worn)
 i - a scarf of invisibility (worn)
 o - a +0 helmet (worn)
Jewellery
 k - the amulet of Lady Luck (around neck) {RegenMP rCorr}
   (You acquired it on level 5 of the Dungeon)

   [amulet of magic regeneration]

   RegenMP:   It increases your rate of magic regeneration.
   rCorr:     It protects you from acid and corrosion.
 m - a ring of flight (left hand)
Wands
 b - a wand of roots (8)
Scrolls
 d - 2 scrolls of teleportation
 f - a scroll of silence {unknown}
 g - a scroll of enchant weapon {unknown}
 j - a scroll of enchant armour {unknown}
 n - a scroll of revelation {unknown}


   Skills:
 + Level 0.7 Fighting
 * Level 1.5 Long Blades
 + Level 1.6 Armour
 + Level 2.5 Dodging
 - Level 2.0 Stealth
 + Level 4.7 Spellcasting
 * Level 7.6 Necromancy


You had 4 spell levels left.
You knew the following spells:

 Your Spells              Type           Power      Damage    Failure   Level
a - Necrotise             Necr           100%       1d9       1%          1
b - Vampiric Draining     Necr           31%        2d8       2%          3
c - Animate Dead          Necr           31%        N/A       9%          4
d - Dispel Undead         Necr           31%        3d14      9%          4

Your spell library contained the following spells:

 Spells                   Type           Power      Damage    Failure   Level
 Freeze                   Ice            16%        1d4       19%         1
 Kiss of Death            Conj/Necr      72%        2d10      3%          1
 Mercury Vapours          Alch/Air       8%         N/A       28%         2
 Confusing Touch          Hex            4%         N/A       50%         3
 Mephitic Cloud           Conj/Alch/Air  4%         N/A       50%         3
 Curse of Agony           Necr           31%        N/A       22%         5
 Freezing Cloud           Conj/Ice/Air   2%         6-21      99%         5


Dungeon Overview and Level Annotations

Branches:
Dungeon (6/15)
 Temple: D:4-7

Altars:
Cheibriados
Gozag
Trog
Uskayaw
Vehumet
Wu Jian

Annotations:
D:3 2 transporters


Innate Abilities, Weirdness & Mutations

You regain HP and MP as you explore.
You have sharp toenails.


Message History

You draw life force from the gnoll bouda.
You feel life coursing into your body. The gnoll closely misses you. x2
Unknown command.
Unknown command.
You hit the gnoll bouda but do no damage.
You claw the gnoll bouda.
The gnoll bouda is severely wounded.
The gnoll barely misses you.
The gnoll bouda prays to its god.
The gnoll bouda is healed somewhat.
The gnoll hits you with a +0 flail.
Unknown command.
You slash the gnoll bouda!
You claw the gnoll bouda, but do no damage.
The gnoll bouda is almost dead.
The gnoll hits you but does no damage.
The gnoll bouda gazes fiercely through you!
You feel your attacks grow feeble.
The gnoll bouda hits you with a +0 whip!
The gnoll barely misses you.
Unknown command.
You hit the gnoll bouda but do no damage.
You claw the gnoll bouda, but do no damage.
The gnoll bouda is almost dead.
The gnoll misses you. The gnoll hits you with a +0 flail!
* * * LOW HITPOINT WARNING * * *
The gnoll bouda hits you with a +0 whip.
* * * LOW HITPOINT WARNING * * *
The gnoll hits you but does no damage.
Unknown command.
You aren't carrying any potions.
Okay, then.
Aiming: Fastroot
Press: ? - help, Shift-Dir - straight line, f - gnoll, p - gnoll bouda
Aim: a gnoll, wielding a +0 flail (covering ground quickly)
The roots erupt in riotous growth!
Roots grab the gnoll. x2; Roots grab the gnoll bouda.
Roots grab the gnoll.
The grasping roots constrict the gnoll bouda, but do no damage.
The grasping roots constrict the gnoll. x3; The gnoll closely misses you.
The gnoll hits you with a +0 flail!
You die...

.............
............
..#.......
#.......#
####......#
.........#
#.gg..###
##.g@....#
#..g#.#...#
#.....#.#.#
... .....
..... > .#..
....... #.
......... #
.........#.
..........#..
).###.#.....


You could see a gnoll bouda (rooted) and 3 gnolls.

Vanquished Creatures
  Menkaure (D:5)
  4 black bears
  A scorpion (D:5)
  2 hounds (D:5)
  A jelly (D:4)
  2 iguanas (D:5)
  A sleepcap (D:5)
  A gnoll (D:6)
  8 adders
  4 dart slugs
  3 orcs
  6 ball pythons
  5 bats
  5 endoplasms
  5 giant cockroaches
  6 goblins
  2 hobgoblins (D:1)
  6 jackals
  7 kobolds
  4 quokkas
  2 frilled lizards
  2 rats
78 creatures vanquished.

Vanquished Creatures (collateral kills)
  A ribbon worm (D:5)
  An orc (D:4)
  A jackal (D:1)
  A rat (D:1)
4 creatures vanquished.

Vanquished Creatures (others)
  A black bear zombie (D:5)
  An orc zombie (D:5)
2 creatures vanquished.

Grand Total: 84 creatures vanquished

Notes
Turn   | Place    | Note
-------+----------+-------------------------------------------
     0 | D:1      | LobsterGuardian the Human Necromancer began the quest for
                  | the Orb.
     0 | D:1      | Reached XP level 1. HP: 13/13 MP: 3/3
   180 | D:1      | Reached XP level 2. HP: 16/19 MP: 0/5
   643 | D:1      | You fall into a shaft and drop 1 floor!
   702 | D:2      | Reached XP level 3. HP: 24/24 MP: 2/6
   810 | D:2      | Learned a level 3 spell: Vampiric Draining
   970 | D:2      | Found a radiant altar of Vehumet.
   979 | D:2      | Became a worshipper of Vehumet
  1564 | D:2      | Reached XP level 4. HP: 30/30 MP: 6/8
  1868 | D:3      | Found a snail-covered altar of Cheibriados.
  2095 | D:3      | Found a transporter.
  2130 | D:3      | Found a transporter.
  2329 | D:4      | Learned a level 4 spell: Animate Dead
  2417 | D:4      | Reached skill level 5 in Necromancy
  2786 | D:4      | Reached XP level 5. HP: 22/35 MP: 3/10
  3059 | D:4      | Noticed a black bear
  3077 | D:4      | Killed a black bear
  3078 | D:4      | Reached XP level 6. HP: 37/41 MP: 0/11
  3208 | D:4      | Found a bloodstained altar of Trog.
  3208 | D:4      | Noticed a black bear
  3208 | D:4      | Noticed a black bear
  3222 | D:4      | Killed a black bear
  3223 | D:4      | Reached skill level 6 in Necromancy
  3225 | D:4      | Killed a black bear
  3226 | D:4      | Reached skill level 1 in Armour
  3228 | D:4      | Reached * piety under Vehumet
  3228 | D:4      | Offered knowledge of Freeze by Vehumet.
  3431 | D:5      | Entered Level 5 of the Dungeon
  3445 | D:5      | Reached XP level 7. HP: 47/47 MP: 9/13
  3676 | D:5      | Noticed Menkaure
  3684 | D:5      | Gained mutation: You sometimes lose your temper in combat.
                  | [potion of mutation]
  3684 | D:5      | Gained mutation: You are resistant to electric shocks.
                  | (rElec) [potion of mutation]
  3684 | D:5      | Gained mutation: You passively dampen the noise of your
                  | surroundings. [potion of mutation]
  3685 | D:5      | Lost mutation: You are resistant to electric shocks.
                  | (rElec) [potion of mutation]
  3685 | D:5      | Lost mutation: You sometimes lose your temper in combat.
                  | [potion of mutation]
  3685 | D:5      | Lost mutation: You passively dampen the noise of your
                  | surroundings. [potion of mutation]
  3685 | D:5      | Gained mutation: You have sharp toenails. [potion of
                  | mutation]
  3687 | D:5      | Killed Menkaure
  3688 | D:5      | Reached skill level 1 in Long Blades
  3688 | D:5      | Reached skill level 7 in Necromancy
  3690 | D:5      | Found a hide-covered altar of Uskayaw.
  3728 | D:5      | Found an opulent altar of Gozag.
  3729 | D:5      | Found a radiant altar of Vehumet.
  3931 | D:5      | Learned a level 4 spell: Dispel Undead
  3988 | D:5      | Found an ornate altar of the Wu Jian Council.
  4012 | D:5      | Identified the +0 quarterstaff of the Endless March
                  | {antimagic, *Rage Str+5 SInv Stlth+}
  4167 | D:5      | Reached XP level 8. HP: 52/53 MP: 5/15
  4340 | D:5      | Identified a scroll of acquirement
  4340 | D:5      | Acquired the amulet of Lady Luck {RegenMP rCorr}
  4557 | D:6      | Slain by a gnoll

Illustrated notes

Levels and vault maps discovered:
D:1:      minmay_arrival_split_and_join, layout_basic
D:2:      layout_basic, basic_altar
D:3:      gammafunk_wand_slinger, layout_basic, cheibriados_altar_1
D:4:      layout_basic, trog_ov_bears_minmay, chequers_hall_statues_corner_a
D:5:      layout_basic, gammafunk_temple_overflow_forgotten,
          nicolae_wu_jian_glorious_leap, uniq_menkaure
D:6:      layout_cave_pools, nicolae_ashenzari_skybound,
          nicolae_overflow_guarded_unrand_okawaru_victory, serial_gnoll_camp,
          gnoll_camp_huts_basic, gnoll_camp_medium_01, gnoll_camp_mini_hut,
          gnoll_camp_mini_hut

Skill      XL: |  1  2  3  4  5  6  7 |
---------------+----------------------+-----
Spellcasting   | 3 4 |  4.7
Necromancy     | 5 6 7 |  7.6
Armour         | 1 |  1.6
Long Blades    | 1 |  1.5
Fighting       | |  0.7
Dodging        | |  2.5
Stealth        | |  2.0

Action                     |  1- 3 |  4- 6 |  7- 9 || total
---------------------------+-------+-------+-------++-------
  Melee: Short sword       |    11 |    30 |     2 ||    43
         Punch             |       |     1 |       ||     1
         Falchion          |       |       |    18 ||    18
         Kick              |       |       |     7 ||     7
   Cast: Necrotise         |    60 |    63 |    18 ||   141
         Vampiric Draining |     1 |     7 |    19 ||    27
         Animate Dead      |       |     2 |     2 ||     4
  Evoke: Wand              |       |       |     1 ||     1
    Use: Scroll            |       |     3 |     2 ||     5
         Potion            |       |     1 |     5 ||     6
   Stab: Sleeping          |       |       |     2 ||     2
 Armour: Robe              |    19 |       |       ||    19
         Troll leather arm |     5 |    44 |    44 ||    93
  Dodge: Dodged            |    34 |    43 |    45 ||   122
